 Dungeon Crawl Stone Soup version 0.23-a0-395-gcf17ac6 (webtiles) character file.

22015 Ijustatesigmund the Thaumaturge (level 12, -8/91 HPs)
             Began as a Gnoll Wizard on Nov 1, 2018.
             Mangled by a komodo dragon (15 damage)
             ... on level 13 of the Dungeon.
             The game lasted 00:44:55 (17276 turns).

Ijustatesigmund the Thaumaturge (Gnoll Wizard)     Turns: 17276, Time: 00:44:55

Health: -8/91      AC: 13    Str: 10    XL:     12   Next: 96%
Magic:  0/26       EV: 22    Int: 21    God:
Gold:   328        SH:  0    Dex: 23    Spells: 13/31 levels left

rFire    . . .     SeeInvis .   h - +11 trident "Tuifemol" {pierce, rElec MR+ Stlth+}
rCold    . . .     Gourm    .   (no shield)
rNeg     . . .     Faith    .   a - +0 ring mail
rPois    .         Spirit   +   v - +2 helmet
rElec    +         Reflect  .   r - scarf {Spirit}
rCorr    .         Harm     .   l - +2 pair of gloves
MR       ++...                  (no boots)
Stlth    ++++++....             (no amulet)
HPRegen  0.25/turn              j - ring of protection from magic
MPRegen  0.20/turn              (no ring)

@: agile
A: distributed training, fangs 1, strong nose
a: no special abilities


You were on level 13 of the Dungeon.
You were not hungry.

You visited 2 branches of the dungeon, and saw 14 of its levels.
You also visited: Ice Cave.

You collected 733 gold pieces.
You spent 405 gold pieces at shops.

Inventory:

Hand Weapons
 h - the +11 trident "Tuifemol" (weapon) {pierce, rElec MR+ Stlth+}
   (You found it on level 5 of the Dungeon)

   It inflicts extra damage upon your enemies.
   It insulates you from electricity.
   It affects your resistance to hostile enchantments.
   It makes you more stealthy.
Missiles
 f - 2 javelins (quivered)
 g - 5 curare-tipped needles
 u - 25 poisoned needles
Armour
 a - a +0 ring mail (worn)
 l - a +2 pair of gloves (worn)
 r - a scarf of spirit shield (worn)
 v - a +2 helmet (worn)
Jewellery
 j - a ring of protection from magic (left hand)
 y - an uncursed ring of fire
 C - a +2 ring of evasion
Wands
 o - a wand of iceblast (7)
 p - a wand of digging (5)
 x - a wand of scattershot (2)
 z - a wand of flame (18)
 D - a wand of clouds (4)
Scrolls
 b - 2 scrolls of amnesia
 k - a scroll of enchant weapon
 m - 5 scrolls of remove curse
 w - 2 scrolls of magic mapping
Potions
 c - 2 potions of magic
 e - 2 potions of curing
 n - 3 potions of flight
 q - a potion of brilliance
 E - a potion of might
Comestibles
 d - 21 rations
 s - a chunk of flesh


   Skills:
 + Level 7.6 Fighting
 + Level 7.6 Short Blades
 + Level 7.6 Long Blades
 + Level 7.6 Axes
 + Level 7.6 Maces & Flails
 + Level 7.6 Polearms
 + Level 7.6 Staves
 + Level 7.6 Slings
 + Level 7.6 Bows
 + Level 7.6 Crossbows
 + Level 7.6 Throwing
 + Level 7.6 Armour
 + Level 9.0 Dodging
 + Level 8.8 Stealth
 + Level 7.6 Shields
 + Level 7.6 Unarmed Combat
 + Level 10.4 Spellcasting
 + Level 6.7 Conjurations
 + Level 6.3 Hexes
 + Level 6.3 Charms
 + Level 6.7 Summonings
 + Level 6.3 Necromancy
 + Level 6.7 Translocations
 + Level 6.3 Transmutations
 + Level 6.3 Fire Magic
 + Level 6.3 Ice Magic
 + Level 6.3 Air Magic
 + Level 6.3 Earth Magic
 + Level 6.3 Poison Magic
 + Level 8.4 Invocations
 + Level 7.6 Evocations


You had 13 spell levels left.
You knew the following spells:

 Your Spells              Type           Power        Failure   Level  Hunger
a - Magic Dart            Conj           ####         1%          1    None
b - Blink                 Tloc           N/A          1%          2    None
c - Call Imp              Summ           #####...     1%          2    None
d - Apportation           Tloc           #####.       1%          1    None
e - Conjure Flame         Conj/Fire      #####...     2%          3    None
f - Mephitic Cloud        Conj/Pois/Air  #####...     2%          3    None
g - Regeneration          Chrm/Necr      #####.....   3%          3    None
h - Spectral Weapon       Hex/Chrm       #####...     3%          3    None

Your spell library contained the following spells:

 Spells                   Type           Power        Failure   Level  Hunger
 Animate Skeleton         Necr           N/A          1%          1    None
 Confusing Touch          Hex            #####.       1%          1    None
 Infusion                 Chrm           ####         1%          1    None
 Summon Small Mammal      Summ           ####         1%          1    None
 Poisonous Vapours        Pois/Air       #####.       1%          2    None
 Shroud of Golubria       Chrm/Tloc      #####.....   1%          2    None
 Slow                     Hex            #####...     1%          2    None
 Song of Slaying          Chrm           #####...     1%          2    None
 Bolt of Magma            Conj/Fire/Erth #####.....   26%         5    ####...
 Iskenderun's Battlesphe  Conj/Chrm      #####...     26%         5    ####...
 Venom Bolt               Conj/Pois      #####.....   26%         5    ####...
 Iron Shot                Conj/Erth      #####.....   80%         6    ######.
 Freezing Cloud           Conj/Ice/Air   #####.....   82%         6    ######.
 Orb of Destruction       Conj           #####.....   100%        7    #######
 Ring of Flames           Chrm/Fire      #####.....   100%        7    #######
 Spellforged Servitor     Conj/Summ      #####.....   100%        7    #######


Dungeon Overview and Level Annotations

Branches:
Dungeon (13/15)            Temple (0/1) D:7            Lair (1/6) D:9
    Orc (0/2) D:11
 Vaults: D:13-14

Altars:
Trog
The Shining One
Jiyva

Shops:
D:6 ?   D:8 **%

Annotations:
Lair:1 3 runed doors, Uffexzam's ghost, journeyman DEFE


Innate Abilities, Weirdness & Mutations

Your experience applies equally to all skills.
You have very sharp teeth.
Your uncanny sense of smell can sniff out nearby items.


Message History

You puncture the komodo dragon!
The komodo dragon is moderately wounded.
You hit the komodo dragon.
You bite the komodo dragon, but do no damage.
The komodo dragon is heavily wounded.
The komodo dragon completely misses you.
You barely miss the komodo dragon. Your bite misses the komodo dragon.
The komodo dragon is heavily wounded.
The komodo dragon bites you!
* * * LOW HITPOINT WARNING * * *
You hit the komodo dragon but do no damage.
The komodo dragon is heavily wounded.
The komodo dragon misses you.
You puncture the komodo dragon!
The komodo dragon is severely wounded.
The komodo dragon completely misses you.
You hit the komodo dragon.
The komodo dragon is almost dead.
The komodo dragon bites you!!
You die...

... #. ..
....#. .#
....#. .#
....# .#
.... .# .
#..#.#
....#....#
.......@#
##.....l#
#.......
....##..##
.#. #..# #
#..# #..#
#..#


You could see a komodo dragon.

Vanquished Creatures
  5 two-headed ogres
  3 death yaks
  Nergalle (Lair:1)
  A skeletal warrior (D:11)
  An unseen horror (D:8)
  2 ugly things (D:11)
  A gargoyle (D:12)
  A komodo dragon (Lair:1)
  2 trolls (D:11)
  Prince Ribbit (D:7)
  5 blink frogs (Lair:1)
  2 hippogriffs
  A wraith (D:12)
  A basilisk (Lair:1)
  4 hogs (D:10)
  27 yaks
  A human (D:10)
  3 water moccasins (Lair:1)
  2 porcupines
  10 orc warriors
  4 sky beasts
  A black bear (D:11)
  7 ogres
  2 necrophages
  A phantom (D:12)
  3 ice beasts
  4 centaurs
  2 crocodiles (Lair:1)
  2 big kobolds
  2 bullfrogs
  2 gnoll sergeants (D:8)
  3 scorpions
  6 killer bees (D:8)
  9 wights
  8 howler monkeys
  3 jellies
  5 crimson imps
  2 centaur zombies
  6 hounds
  15 orc priests
  A bullfrog skeleton (D:6)
  A centaur skeleton (D:4)
  Jessica (D:2)
  4 iguanas
  10 orc wizards
  4 worker ants
  A hell rat (D:8)
  3 hound zombies
  4 hound skeletons
  A howler monkey zombie (D:9)
  2 howler monkey skeletons
  A worker ant zombie (D:5)
  9 gnolls (D:8)
  16 adders
  2 river rats (D:8)
  4 shadow imps
  An ooze (D:2)
  An adder zombie (D:6)
  3 worms
  8 leopard geckos
  52 orcs
  3 ball pythons
  2 bats
  5 giant cockroaches
  3 goblins
  3 hobgoblins (D:2)
  4 jackals (D:11)
  7 quokkas
  A frilled lizard (D:2)
  9 kobolds
  A quokka skeleton (D:6)
  9 rats
337 creatures vanquished.

Vanquished Creatures (collateral kills)
  A bullfrog (D:8)
  An orc (D:7)
2 creatures vanquished.

Vanquished Creatures (others)
  A fungus (Lair:1)
  A plant (Lair:1)
  2 spectral weapons
4 creatures vanquished.

Grand Total: 343 creatures vanquished

Notes
Turn   | Place    | Note
-------+----------+-------------------------------------------
     0 | D:1      | Ijustatesigmund the Gnoll Wizard began the quest for the
                  | Orb.
     0 | D:1      | Reached XP level 1. HP: 13/13 MP: 8/8
   794 | D:2      | Reached XP level 2. HP: 19/19 MP: 3/10
   795 | D:2      | Noticed an ogre
  1115 | D:2      | Killed an ogre
  1115 | D:2      | Reached skill level 1 in Fighting
  1115 | D:2      | Reached skill level 1 in Short Blades
  1115 | D:2      | Reached skill level 1 in Long Blades
  1115 | D:2      | Reached skill level 1 in Axes
  1115 | D:2      | Reached skill level 1 in Maces & Flails
  1115 | D:2      | Reached skill level 1 in Polearms
  1115 | D:2      | Reached skill level 1 in Staves
  1115 | D:2      | Reached skill level 1 in Slings
  1115 | D:2      | Reached skill level 1 in Bows
  1115 | D:2      | Reached skill level 1 in Crossbows
  1115 | D:2      | Reached skill level 1 in Throwing
  1115 | D:2      | Reached skill level 1 in Armour
  1115 | D:2      | Reached skill level 1 in Shields
  1115 | D:2      | Reached skill level 1 in Unarmed Combat
  1115 | D:2      | Reached skill level 1 in Hexes
  1115 | D:2      | Reached skill level 1 in Charms
  1115 | D:2      | Reached skill level 1 in Necromancy
  1115 | D:2      | Reached skill level 1 in Transmutations
  1115 | D:2      | Reached skill level 1 in Fire Magic
  1115 | D:2      | Reached skill level 1 in Ice Magic
  1115 | D:2      | Reached skill level 1 in Air Magic
  1115 | D:2      | Reached skill level 1 in Earth Magic
  1115 | D:2      | Reached skill level 1 in Poison Magic
  1115 | D:2      | Reached skill level 1 in Invocations
  1115 | D:2      | Reached skill level 1 in Evocations
  1115 | D:2      | Reached XP level 3. HP: 5/26 MP: 1/11
  1115 | D:2      | Reached XP level 4. HP: 7/32 MP: 1/13
  1344 | D:2      | Reached XP level 5. HP: 34/37 MP: 7/14
  1393 | D:2      | Learned a level 2 spell: Blink
  1573 | D:2      | Noticed Jessica
  1576 | D:2      | Killed Jessica
  3307 | D:4      | Reached XP level 6. HP: 44/44 MP: 13/16
  3460 | D:4      | Reached skill level 5 in Dodging
  3952 | D:4      | Reached XP level 7. HP: 50/50 MP: 11/18
  4763 | D:4      | Found a bloodstained altar of Trog.
  4763 | D:4      | Found a glowing golden altar of the Shining One.
  4783 | D:5      | Entered Level 5 of the Dungeon
  5000 | D:5      | Reached skill level 5 in Stealth
  5015 | D:5      | Got an ancient trident
  5016 | D:5      | Identified the +11 trident "Tuifemol" {pierce, rElec MR+
                  | Stlth+} (You found it on level 5 of the Dungeon)
  5830 | D:5      | Reached XP level 8. HP: 57/57 MP: 19/19
  5888 | D:5      | Learned a level 2 spell: Call Imp
  6276 | D:6      | Reached skill level 8 in Spellcasting
  6281 | D:6      | Learned a level 1 spell: Apportation
  6419 | D:6      | Found Ezis's Magic Scroll Boutique.
  6430 | D:6      | Bought a scroll of teleportation for 36 gold pieces
  6430 | D:6      | Bought a scroll of identify for 24 gold pieces
  6430 | D:6      | Bought a scroll of blinking for 90 gold pieces
  6430 | D:6      | Bought a scroll of identify for 24 gold pieces
  6430 | D:6      | Bought a scroll of enchant armour for 90 gold pieces
  6430 | D:6      | Bought a scroll of identify for 24 gold pieces
  6639 | D:7      | Noticed Prince Ribbit
  6649 | D:7      | Killed Prince Ribbit
  6649 | D:7      | Reached XP level 9. HP: 63/65 MP: 21/21
  6788 | D:7      | Found a staircase to the Ecumenical Temple.
  6869 | D:7      | HP: 3/65 [poisoned by an orc warrior]
  8130 | D:8      | Noticed a two-headed ogre
  8144 | D:8      | Killed a two-headed ogre
  8371 | D:8      | Found Hoedaz's General Store.
  8386 | D:8      | Reached skill level 5 in Invocations
  8411 | D:8      | Bought a potion of curing for 42 gold pieces
  8426 | D:8      | Found Acoqippa's General Store.
  8429 | D:8      | Bought a scroll of teleportation for 45 gold pieces
  8430 | D:8      | Bought a scroll of identify for 30 gold pieces
  8523 | D:8      | Reached XP level 10. HP: 33/73 MP: 12/22
  8895 | D:8      | Noticed a two-headed ogre
  9067 | D:8      | Killed a two-headed ogre
  9067 | D:8      | Reached skill level 5 in Fighting
  9067 | D:8      | Reached skill level 5 in Short Blades
  9067 | D:8      | Reached skill level 5 in Long Blades
  9067 | D:8      | Reached skill level 5 in Axes
  9067 | D:8      | Reached skill level 5 in Maces & Flails
  9067 | D:8      | Reached skill level 5 in Polearms
  9067 | D:8      | Reached skill level 5 in Staves
  9067 | D:8      | Reached skill level 5 in Slings
  9067 | D:8      | Reached skill level 5 in Bows
  9067 | D:8      | Reached skill level 5 in Crossbows
  9067 | D:8      | Reached skill level 5 in Throwing
  9067 | D:8      | Reached skill level 5 in Armour
  9067 | D:8      | Reached skill level 5 in Shields
  9067 | D:8      | Reached skill level 5 in Unarmed Combat
  9067 | D:8      | Reached skill level 5 in Evocations
  9072 | D:8      | Learned a level 3 spell: Conjure Flame
  9076 | D:8      | Learned a level 3 spell: Mephitic Cloud
  9104 | D:8      | Noticed a gargoyle
  9286 | D:8      | Found Veorr's Food Emporium.
  9616 | D:8      | Killed an unseen horror
  9616 | D:8      | Reached skill level 9 in Spellcasting
  9899 | D:9      | Noticed a two-headed ogre
  9900 | D:9      | Noticed a death yak
  9903 | D:9      | Noticed a death yak
  9994 | D:8      | Killed a death yak
  9994 | D:8      | Reached skill level 5 in Conjurations
  9994 | D:8      | Reached skill level 5 in Summonings
  9994 | D:8      | Reached skill level 5 in Translocations
 10650 | D:9      | Noticed a death yak
 10796 | D:10     | Entered Level 10 of the Dungeon
 10871 | D:11     | Found a frozen archway.
 10883 | IceCv    | Entered an ice cave
 11152 | D:11     | Noticed a green ugly thing
 11253 | D:10     | Reached XP level 11. HP: 81/81 MP: 24/24
 11298 | D:9      | Found a staircase to the Lair.
 11350 | D:9      | Killed a death yak
 12142 | D:10     | Reached skill level 5 in Hexes
 12142 | D:10     | Reached skill level 5 in Charms
 12142 | D:10     | Reached skill level 5 in Necromancy
 12142 | D:10     | Reached skill level 5 in Transmutations
 12142 | D:10     | Reached skill level 5 in Fire Magic
 12142 | D:10     | Reached skill level 5 in Ice Magic
 12142 | D:10     | Reached skill level 5 in Air Magic
 12142 | D:10     | Reached skill level 5 in Earth Magic
 12142 | D:10     | Reached skill level 5 in Poison Magic
 13470 | Lair:1   | Entered Level 1 of the Lair of Beasts
 13544 | Lair:1   | Got an ebony dagger
 13560 | Lair:1   | Noticed Nergalle
 13575 | Lair:1   | Killed Nergalle
 13833 | Lair:1   | Found a runed gate.
 13837 | Lair:1   | Found a runed gate.
 13875 | Lair:1   | Found a runed gate.
 13876 | Lair:1   | Noticed Uffexzam's ghost (journeyman DEFE)
 14773 | Lair:1   | Reached XP level 12. HP: 44/89 MP: 2/25
 15120 | Lair:1   | Found a viscous altar of Jiyva.
 15188 | D:9      | Killed a death yak
 15546 | D:10     | Reached skill level 10 in Spellcasting
 15634 | D:10     | Learned a level 3 spell: Regeneration
 15638 | D:10     | Learned a level 3 spell: Spectral Weapon
 16245 | D:11     | Noticed a two-headed ogre
 16250 | D:11     | Killed a two-headed ogre
 16263 | D:11     | Noticed a two-headed ogre
 16268 | D:11     | Killed a two-headed ogre
 16591 | D:11     | Found a staircase to the Orcish Mines.
 16661 | D:11     | Identified the cursed +3 dagger of Hell's Wrath {flame,
                  | +Blink} (You found it on level 1 of the Lair of Beasts)
 16703 | D:12     | Noticed a two-headed ogre
 17156 | D:12     | Killed a two-headed ogre
 17242 | D:12     | Noticed a centaur warrior
 17276 | D:13     | Mangled by a komodo dragon

Vault maps used:
D:1:      tarquinn_simple_flora_water_c
D:2:      kennysheep_generic_room_4, uniq_jessica
D:4:      gammafunk_temple_overflow_wave
D:5:      first_ration
D:6:      serial_shops, nicolae_shop_statue_plus
D:7:      temple_pool_b, uniq_prince_ribbit1
D:8:      serial_shops, shop, shop, kennysheep_mini
D:9:      dpeg_lair_monsters
D:10:     grunt_livestock
D:11:     david_orc_4, portal_ice_cave_entry_pillars_2, columned_hall_lemuel
D:13:     lightli_vaults_fourway_checkpoint
Lair:1:   gammafunk_ghost_ooze, uniq_nergalle
IceCv:    ice_cave_caverns_02

Skill      XL: |  1  2  3  4  5  6  7  8  9 10 11 12 |
---------------+-------------------------------------+-----
Conjurations   | 2 3 4 5 6 |  6.7
Summonings     | 2 3 4 5 6 |  6.7
Translocations | 2 3 4 5 6 |  6.7
Fighting       | 1 2 3 4 5 6 7 |  7.6
Short Blades   | 1 2 3 4 5 6 7 |  7.6
Long Blades    | 1 2 3 4 5 6 7 |  7.6
Axes           | 1 2 3 4 5 6 7 |  7.6
Maces & Flails | 1 2 3 4 5 6 7 |  7.6
Polearms       | 1 2 3 4 5 6 7 |  7.6
Staves         | 1 2 3 4 5 6 7 |  7.6
Slings         | 1 2 3 4 5 6 7 |  7.6
Bows           | 1 2 3 4 5 6 7 |  7.6
Crossbows      | 1 2 3 4 5 6 7 |  7.6
Throwing       | 1 2 3 4 5 6 7 |  7.6
Armour         | 1 2 3 4 5 6 7 |  7.6
Shields        | 1 2 3 4 5 6 7 |  7.6
Unarmed Combat | 1 2 3 4 5 6 7 |  7.6
Hexes          | 1 2 3 4 5 6 |  6.3
Charms         | 1 2 3 4 5 6 |  6.3
Necromancy     | 1 2 3 4 5 6 |  6.3
Transmutations | 1 2 3 4 5 6 |  6.3
Fire Magic     | 1 2 3 4 5 6 |  6.3
Ice Magic      | 1 2 3 4 5 6 |  6.3
Air Magic      | 1 2 3 4 5 6 |  6.3
Earth Magic    | 1 2 3 4 5 6 |  6.3
Poison Magic   | 1 2 3 4 5 6 |  6.3
Invocations    | 1 2 3 4 5 6 7 8 |  8.4
Evocations     | 1 2 3 4 5 6 7 |  7.6
Dodging        | 5 6 7 8 9 |  9.0
Stealth        | 5 6 7 8 |  8.8
Spellcasting   | 8 9 10 | 10.4

Action                   |  1- 3 |  4- 6 |  7- 9 | 10-12 || total
-------------------------+-------+-------+-------+-------++-------
Melee: Halberd           |       |    42 |    25 |       ||    67
       Hand axe          |       |     4 |       |       ||     4
       Bite              |       |     2 |    10 |    84 ||    96
       Trident           |       |       |   181 |   706 ||   887
       Punch             |       |       |     3 |    18 ||    21
Throw: Javelin           |       |       |       |     1 ||     1
 Cast: Magic Dart        |    31 |   154 |    76 |    25 ||   286
       Call Imp          |       |       |     4 |     3 ||     7
       Blink             |       |       |     1 |    17 ||    18
       Mephitic Cloud    |       |       |       |     1 ||     1
       Spectral Weapon   |       |       |       |    12 ||    12
       Regeneration      |       |       |       |     4 ||     4
Evoke: Wand              |       |       |       |     8 ||     8
  Use: Scroll            |     5 |     5 |    11 |    15 ||    36
       Potion            |       |       |     4 |     7 ||    11
 Stab: Sleeping          |       |     1 |    19 |    19 ||    39
       Distracted        |       |       |     3 |     4 ||     7
       Invisible         |       |       |       |     2 ||     2
       Confused          |       |       |       |     1 ||     1
  Eat: Chunk             |       |     8 |     9 |    11 ||    28
       Ration            |       |       |     2 |     5 ||     7
Armor: Ring mail         |       |    24 |    70 |   198 ||   292
       Skin              |       |       |       |     5 ||     5
Dodge: Dodged            |     3 |    45 |   154 |   494 ||   696

Table legend:
 A = Non-vault XP
 B = Vault XP
 C = Vault XP percentage of total XP
 D = Non-vault monster count
 E = Vault monster count
 F = Vault count percentage of total count
                 A         B        C        D         E       F
            +---------+---------+-------+---------+---------+-------
      Total |   25483 |    5967 |  19.0 |     302 |      37 |  10.9
            +---------+---------+-------+---------+---------+-------
        D:1 |       6 |       0 |   0.0 |       3 |       0 |   0.0
        D:2 |     197 |      38 |  16.2 |      24 |       2 |   7.7
        D:3 |      76 |       0 |   0.0 |      14 |       0 |   0.0
        D:4 |     597 |       0 |   0.0 |      29 |       0 |   0.0
        D:5 |     342 |       0 |   0.0 |      16 |       0 |   0.0
        D:6 |     855 |       0 |   0.0 |      17 |       0 |   0.0
        D:7 |     523 |     305 |  36.8 |      15 |       1 |   6.2
        D:8 |    4363 |     934 |  17.6 |      45 |       6 |  11.8
        D:9 |     962 |    1868 |  66.0 |      19 |       4 |  17.4
       D:10 |    4568 |     944 |  17.1 |      47 |       5 |   9.6
       D:11 |    5773 |    1082 |  15.8 |      34 |      18 |  34.6
       D:12 |    3811 |       0 |   0.0 |      22 |       0 |   0.0
     Lair:1 |    3410 |     796 |  18.9 |      17 |       1 |   5.6
            +---------+---------+-------+---------+---------+-------
